 Dungeon Crawl Stone Soup version 0.22-a0-833-g8522bf8125 (webtiles) character file.

392 Holzbalken the Cudgeler (level 6, 0/37 HPs)
             Began as a Gargoyle Monk on July 25, 2018.
             Slain by Duvessa
             ... wielding a +0 rapier
              (8 damage)
             ... on level 4 of the Dungeon.
             The game lasted 00:13:38 (3472 turns).

Holzbalken the Cudgeler (Gargoyle Monk)             Turns: 3472, Time: 00:13:39

Health: 0/37       AC: 11    Str: 17    XL:     6   Next: 80%
Magic:  6/6        EV: 11    Int: 10    God:
Gold:   241        SH:  0    Dex: 12    Spells: 5/5 levels left

rFire    + . .     SeeInvis .   u - +0 flail
rCold    + . .     Gourm    .   (no shield)
rNeg     + . .     Faith    .   r - +0 ring mail
rPois    ∞         Spirit   .   (no helmet)
rElec    +         Reflect  .   t - +1 cloak
rCorr    .         Harm     .   (no gloves)
MR       .....                  (no boots)
Stlth    +.........             (no amulet)
HPRegen  0.12/turn              g - ring of protection from fire
MPRegen  0.10/turn              m - ring of protection from cold

@: no status effects
A: negative energy resistance 1, electricity resistance, unbreathing,
petrification resistance, rot immunity, AC +4
a: no special abilities


You were on level 4 of the Dungeon.
You were not hungry.

You visited 1 branch of the dungeon, and saw 4 of its levels.

You collected 241 gold pieces.

Inventory:

Hand Weapons
 a - a +1 mace
 u - a +0 flail (weapon)
Armour
 b - a +0 robe
 h - a +0 leather armour
 r - a +0 ring mail (worn)
 t - a +1 cloak (worn)
Jewellery
 g - a ring of protection from fire (left hand)
 m - a ring of protection from cold (right hand)
 o - a cursed -5 ring of dexterity {unknown}
Wands
 q - a wand of digging (10)
Scrolls
 e - a scroll of identify
 f - 2 scrolls of magic mapping
 i - 3 scrolls of remove curse
 p - a scroll of enchant armour {unknown}
Potions
 d - a potion of might {unknown}
 j - 2 potions of degeneration
 k - 2 potions of lignification
 l - a potion of mutation {unknown}
 n - a potion of curing
 w - a potion of agility {unknown}
Comestibles
 c - 6 rations
 v - 4 chunks of flesh


   Skills:
 - Level 3.2 Fighting
 + Level 7.4 Maces & Flails
 - Level 2.4 Dodging
 - Level 2.1 Stealth


You had 5 spell levels left.
You didn't know any spells.
Your spell library was empty.

Dungeon Overview and Level Annotations

Branches:
Dungeon (4/15)
 Temple: D:4-7

Altars:
Dithmenos
Trog

Annotations:
D:4 Dowan, Duvessa


Innate Abilities, Weirdness & Mutations

You are resistant to torment.
Your stone body is resilient. (AC +4)
You are immune to poison.
You resist negative energy. (rN+)
You are resistant to electric shocks. (rElec)
You can survive without breathing.
You are immune to petrification.
You are immune to rotting.


Message History

* * * LOW HITPOINT WARNING * * *
You hit Duvessa.
Duvessa is severely wounded.
Duvessa hits you but does no damage. Dowan hits you but does no damage.
You feel better. Dowan hits you but does no damage. Duvessa closely misses you.
You barely miss Duvessa.
Duvessa is severely wounded.
Dowan hits you but does no damage. Duvessa hits you but does no damage.
You hit Duvessa.
Duvessa is severely wounded.
Dowan completely misses you.
Duvessa says, "When magic and the sword combine, nothing stands against them."
Duvessa hits you with a rapier. Dowan casts a spell at you.
The puff of flame hits you! You resist.
* * * LOW HITPOINT WARNING * * *
You barely miss Duvessa.
Duvessa is severely wounded.
Duvessa hits you with a rapier!
You die...

**################
*,,......#@e.....#
*,*,,....#e#####.#
*,*,**#..#.#####.###
*,#.###..#.##......########
*,#............#.#........#
*,#..#≈≈######...########.#
*,#.,#≈##⌠*⌠*##..# #.#
*,,,..≈*≈≈≈≈≈*#..# #.#
***#.#≈*≈,,,≈*#### #.#


You could see Duvessa and Dowan.

Vanquished Creatures
  A bullfrog skeleton (D:4)
  4 orc wizards
  Jessica (D:3)
  Ijyb (D:4)
  2 hound skeletons (D:4)
  6 adders
  A gnoll (D:4)
  5 worms
  A dart slug (D:1)
  4 leopard geckos
  7 orcs
  2 ball pythons
  6 bats
  2 giant cockroaches (D:2)
  7 goblins
  8 hobgoblins
  2 jackals (D:3)
  2 quokkas (D:2)
  A ball python skeleton (D:4)
  5 frilled lizards
  16 kobolds
  A leopard gecko skeleton (D:4)
  11 rats
96 creatures vanquished.

Notes
Turn   | Place    | Note
-------+----------+-------------------------------------------
     0 | D:1      | Holzbalken the Gargoyle Monk began the quest for the Orb.
     0 | D:1      | Reached XP level 1. HP: 14/14 MP: 1/1
   112 | D:1      | Reached XP level 2. HP: 19/19 MP: 2/2
   480 | D:1      | Reached skill level 4 in Maces & Flails
   613 | D:1      | Reached XP level 3. HP: 14/23 MP: 3/3
  1478 | D:2      | Reached XP level 4. HP: 28/28 MP: 4/4
  1776 | D:2      | Reached skill level 5 in Maces & Flails
  2274 | D:3      | Reached XP level 5. HP: 23/32 MP: 5/5
  2715 | D:3      | Reached skill level 6 in Maces & Flails
  2898 | D:3      | Noticed Jessica
  2903 | D:3      | Killed Jessica
  3046 | D:4      | Found a shadowy altar of Dithmenos.
  3057 | D:4      | Reached XP level 6. HP: 33/37 MP: 6/6
  3135 | D:4      | Found a bloodstained altar of Trog.
  3187 | D:4      | Noticed Ijyb
  3214 | D:4      | Killed Ijyb
  3229 | D:4      | Reached skill level 7 in Maces & Flails
  3415 | D:4      | Noticed Dowan
  3442 | D:4      | Noticed Duvessa
  3472 | D:4      | Slain by Duvessa

Vault maps used:
D:1:      ncdulo_halloftheorcs, st_stairs_8
D:3:      minmay_quantized, uniq_jessica
D:4:      lightli_temple_of_fire, kennysheep_mini_moat, first_ration,
          nicolae_dithmenos_shadow_blocks, uniq_ijyb, uniq_edmund, uniq_duvessa

Skill      XL: |  1  2  3  4  5  6 |
---------------+-------------------+-----
Maces & Flails | 4 5 6 7 |  7.4
Fighting       | |  3.2
Dodging        | |  2.4
Stealth        | |  2.1

Action                   |  1- 3 |  4- 6 || total
-------------------------+-------+-------++-------
Melee: Mace              |   132 |   101 ||   233
       Flail             |       |   179 ||   179
  Use: Scroll            |       |    10 ||    10
       Potion            |       |     1 ||     1
 Stab: Sleeping          |     1 |     1 ||     2
       Distracted        |     1 |       ||     1
  Eat: Chunk             |     2 |     7 ||     9
Armor: Robe              |     4 |       ||     4
       Leather armour    |    37 |     5 ||    42
       Ring mail         |       |   173 ||   173
Dodge: Dodged            |    85 |   204 ||   289

Table legend:
 A = Spawn XP
 B = Non-spawn XP
 C = Spawn XP percentage of total XP
 D = Spawn monster count
 E = Non-spawn monster count
 F = Spawn count percentage of total count
 G = Total turns spent on level
                    A         B        C        D         E        F      G
               +---------+---------+-------+---------+---------+-------+---------
         Total |       0 |     560 |   0.0 |       0 |      96 |   0.0 |  3472
               +---------+---------+-------+---------+---------+-------+---------
           D:1 |       0 |      46 |   0.0 |       0 |      27 |   0.0 |  1132
           D:2 |       0 |      61 |   0.0 |       0 |      26 |   0.0 |   869
           D:3 |       0 |     194 |   0.0 |       0 |      27 |   0.0 |  1011
           D:4 |       0 |     259 |   0.0 |       0 |      16 |   0.0 |   460
               +---------+---------+-------+---------+---------+-------+---------
